 Dungeon Crawl Stone Soup version 0.28.0-45-g0d030f2227 (webtiles) character file.

Game seed: 2631947304338900919

352 Ablot the Cutter (level 6, 0/43 (53) HPs)
             Began as a Gnoll Chaos Knight on Apr 11, 2022.
             Was a Plaything of Xom.
             Slain by an orc priest
             ... wielding a +0 dagger
              (3 damage)
             ... on level 4 of the Dungeon.
             The game lasted 00:04:50 (3898 turns).

Ablot the Cutter (Gnoll Chaos Knight)               Turns: 3898, Time: 00:04:51

HP:   0/43 (53)     AC: 13    Str: 13    XL:     6   Next: 62%
MP:   7/9           EV: 11    Int: 12    God:    Xom [....*.]
Gold: 217           SH:  0    Dex: 11    Spells: 9/9 levels left

rFire   . . .      SeeInvis .   a - +0 short sword (chaos)
rCold   . . .      Faith    .   (no shield)
rNeg    . . .      Spirit   .   h - +3 ring mail
rPois   .          Reflect  .   (no helmet)
rElec   .          Harm     .   (no cloak)
rCorr   .          Rampage  .   (no gloves)
Will    .....                   (no boots)
Stlth   +.........              (no amulet)
HPRegen 0.14/turn               r - +4 ring of protection
MPRegen 0.11/turn               (no ring)

@: hasted, heavily drained, very quick
A: fangs 1, strong nose, distributed training
a: Renounce Religion


You were on level 4 of the Dungeon.
You worshipped Xom.
You were a beloved toy of Xom.
You visited 1 branch of the dungeon, and saw 4 of its levels.

You collected 217 gold pieces.

Inventory:

Hand Weapons
 a - a +0 short sword of chaos (weapon)
 m - a +0 demon trident of flaming
Missiles
 b - 42 sling bullets
 c - 22 stones
 e - 5 poisoned darts (quivered)
 f - 20 bolts
 k - 75 arrows
 q - 2 javelins
Armour
 h - a +3 ring mail (worn)
Jewellery
 r - a +4 ring of protection (left hand)
Scrolls
 g - 2 scrolls of vulnerability {unknown}
 i - 2 scrolls of identify {unknown}
 j - 2 scrolls of teleportation {unknown}
 n - 4 scrolls of fear {unknown}
 p - a scroll of magic mapping {unknown}
 s - 3 scrolls of fog {unknown}
 u - a scroll of noise {unknown}
 w - a scroll of blinking {unknown}
Potions
 d - a potion of might {unknown}
 l - a potion of curing
 o - a potion of heal wounds {unknown}
 t - a potion of mutation {unknown}
 v - a potion of attraction {unknown}
 x - a potion of magic {unknown}
 z - a potion of degeneration {unknown}


   Skills:
 + Level 6.8 Fighting
 + Level 6.8 Short Blades
 + Level 2.0 Long Blades
 + Level 2.0 Axes
 + Level 2.0 Maces & Flails
 + Level 2.0 Polearms
 + Level 2.0 Staves
 + Level 2.0 Slings
 + Level 2.0 Bows
 + Level 2.0 Crossbows
 + Level 2.0 Throwing
 + Level 5.0 Armour
 + Level 3.3 Dodging
 + Level 2.0 Stealth
 + Level 2.0 Shields
 + Level 2.0 Unarmed Combat
 + Level 2.0 Spellcasting
 + Level 1.6 Conjurations
 + Level 1.6 Hexes
 + Level 1.6 Summonings
 + Level 1.6 Necromancy
 + Level 1.6 Translocations
 + Level 1.6 Transmutations
 + Level 1.6 Fire Magic
 + Level 1.6 Ice Magic
 + Level 1.6 Air Magic
 + Level 1.6 Earth Magic
 + Level 1.6 Poison Magic
 + Level 2.2 Invocations
 + Level 2.0 Evocations


You had 9 spell levels left.
You didn't know any spells.
Your spell library contained the following spells:

 Spells                   Type           Power      Damage    Failure   Level
 Pain                     Necr           20%        1d5       28%         1
 Dazzling Flash           Conj/Hex       10%        N/A       63%         3
 Iskenderun's Mystic Bla  Conj/Tloc      5%         2d3       95%         4
 Agony                    Necr           5%         N/A       100%        5
 Excruciating Wounds      Necr           2%         N/A       100%        5
 Starburst                Conj/Fire      2%         6d3       100%        6


Dungeon Overview and Level Annotations

Branches:
Dungeon (4/15)
 Temple: D:4-7

Altars:
Makhleb
Vehumet
Xom


Innate Abilities, Weirdness & Mutations

You have very sharp teeth.
Your uncanny sense of smell can sniff out nearby items.
Your experience applies equally to all skills.


Message History

The orc priest hits you but does no damage.
The centaur barely misses you. The centaur closely misses you.
The orc hits you with a +4 dagger of chaos.
* * * LOW HITPOINT WARNING * * *
Unknown command.
You hit the orc priest but do no damage.
The orc priest is moderately wounded.
Unknown command.
You hit the orc priest but do no damage.
The orc priest seems to speed up.
The orc priest is moderately wounded.
The orc priest hits you but does no damage.
The centaur hits you.
* * * LOW HITPOINT WARNING * * *
The centaur kicks you but does no damage.
The orc hits you with a +4 dagger of chaos.
* * * LOW HITPOINT WARNING * * *
Unknown command.
You hit the orc priest but do no damage.
You bite the orc priest, but do no damage.
The orc priest is moderately wounded.
The orc priest barely misses you.
The centaur hits you but does no damage.
The centaur kicks you but does no damage.
Unknown command.
You barely miss the orc priest.
The orc priest is moderately wounded.
Your butterfly disappears in a puff of smoke!
The orc priest hits you but does no damage.
The centaur closely misses you. The centaur barely misses you.
The orc closely misses you.
Unknown command.
You miss the orc priest.
The orc priest is moderately wounded.
Xom titters.
The centaur looks rather confused.
The orc priest looks rather confused.
The orc looks rather confused.
The orc priest hits you with a +0 dagger.
You die...
Xom roars with laughter!

......# .......#
.......###. #........o.
##.. #.#......# .....
##........# .....#
##.......# ... .....#
#....b.co# ....
.....####.#...(o@##.....<
...#..#..###..b(.ยง#......
........####......#........
........###................
..##...###....)............
).....## ##...............
.. ##..### ##.......##...##
... ##.##
###)..>.......##... ##.#
##............#....#..


You could see a centaur (confused), an orc priest (fast, agile, confused, ally
target) and an orc (confused).

Vanquished Creatures
  Menkaure (D:4)
  An orc priest (D:4)
  Jessica (D:2)
  Terence (D:2)
  6 gnolls
  A worm (D:4)
  14 orcs
  9 ball pythons
  8 bats
  8 endoplasms
  A giant cockroach (D:3)
  4 goblins
  4 hobgoblins
  2 jackals (D:2)
  6 quokkas
  2 frilled lizards
  5 kobolds
  2 rats
76 creatures vanquished.

Notes
Turn   | Place    | Note
-------+----------+-------------------------------------------
     0 | D:1      | Ablot the Gnoll Chaos Knight began the quest for the Orb.
     0 | D:1      | Reached XP level 1. HP: 23/23 MP: 1/1
   164 | D:1      | Reached XP level 2. HP: 29/29 MP: 2/2
   590 | D:1      | XOM: silly message
  1133 | D:2      | Noticed Jessica
  1140 | D:2      | Killed Jessica
  1141 | D:2      | Reached skill level 1 in Invocations
  1141 | D:2      | Reached XP level 3. HP: 35/35 MP: 2/4
  1144 | D:2      | Reached skill level 1 in Long Blades
  1144 | D:2      | Reached skill level 1 in Axes
  1144 | D:2      | Reached skill level 1 in Maces & Flails
  1144 | D:2      | Reached skill level 1 in Polearms
  1144 | D:2      | Reached skill level 1 in Staves
  1144 | D:2      | Reached skill level 1 in Slings
  1144 | D:2      | Reached skill level 1 in Bows
  1144 | D:2      | Reached skill level 1 in Crossbows
  1144 | D:2      | Reached skill level 1 in Throwing
  1144 | D:2      | Reached skill level 1 in Stealth
  1144 | D:2      | Reached skill level 1 in Shields
  1144 | D:2      | Reached skill level 1 in Unarmed Combat
  1144 | D:2      | Reached skill level 1 in Spellcasting
  1144 | D:2      | Reached skill level 1 in Evocations
  1305 | D:2      | Noticed Terence
  1326 | D:2      | HP: 1/35 [Terence/+0 hand axe (9)]
  1327 | D:2      | Killed Terence
  1328 | D:2      | Reached XP level 4. HP: 2/41 MP: 5/5
  1733 | D:2      | Found a burning altar of Makhleb.
  1869 | D:2      | XOM: noise
  1871 | D:2      | Reached skill level 1 in Conjurations
  1871 | D:2      | Reached skill level 1 in Hexes
  1871 | D:2      | Reached skill level 1 in Summonings
  1871 | D:2      | Reached skill level 1 in Necromancy
  1871 | D:2      | Reached skill level 1 in Translocations
  1871 | D:2      | Reached skill level 1 in Transmutations
  1871 | D:2      | Reached skill level 1 in Fire Magic
  1871 | D:2      | Reached skill level 1 in Ice Magic
  1871 | D:2      | Reached skill level 1 in Air Magic
  1871 | D:2      | Reached skill level 1 in Earth Magic
  1871 | D:2      | Reached skill level 1 in Poison Magic
  2221 | D:3      | XOM: silly message
  2486 | D:3      | Reached XP level 5. HP: 47/47 MP: 6/6
  2889 | D:3      | XOM: silly message
  2987 | D:3      | Found a faded altar of an unknown god.
  3038 | D:4      | Noticed Menkaure
  3112 | D:4      | Found a radiant altar of Vehumet.
  3118 | D:4      | XOM: scenery: create altars
  3402 | D:4      | XOM: fog
  3411 | D:4      | XOM: enchant monster (good)
  3419 | D:4      | Killed Menkaure
  3420 | D:4      | Reached skill level 5 in Armour
  3420 | D:4      | Reached XP level 6. HP: 12/53 MP: 7/9
  3812 | D:4      | XOM: draining
  3866 | D:4      | XOM: chaos upgrade
  3869 | D:4      | XOM: potion effect (heal wounds)
  3881 | D:4      | XOM: butterfly on damage
  3881 | D:4      | Paralysed by an orc for 6 turns
  3890 | D:4      | HP: 2/43 [centaur (1)]
  3898 | D:4      | XOM: confuse monster(s)
  3898 | D:4      | Slain by an orc priest

Illustrated notes

Levels and vault maps discovered:
D:1:      moated_graveyard_arrival, layout_basic, minmay_misc_feat_more_columns
D:2:      layout_basic, basic_altar, minivault_19, minmay_misc_feat_ornament,
          cheibrodos_gnoll_hut, uniq_jessica, uniq_terence
D:3:      layout_rooms, ebering_ecumenical_altar_rust, st_stairs_1
D:4:      layout_layer_cave, nicolae_vehumet_radiance,
          hangedman_abyss_or_decor_lesser_grid, goddamned_bats, uniq_menkaure

Skill      XL: |  1  2  3  4  5 |
---------------+----------------+-----
Invocations    | 1 2 |  2.2
Long Blades    | 1 2 |  2.0
Axes           | 1 2 |  2.0
Maces & Flails | 1 2 |  2.0
Polearms       | 1 2 |  2.0
Staves         | 1 2 |  2.0
Slings         | 1 2 |  2.0
Bows           | 1 2 |  2.0
Crossbows      | 1 2 |  2.0
Throwing       | 1 2 |  2.0
Stealth        | 1 2 |  2.0
Shields        | 1 2 |  2.0
Unarmed Combat | 1 2 |  2.0
Spellcasting   | 1 2 |  2.0
Evocations     | 1 2 |  2.0
Conjurations   | 1 |  1.6
Hexes          | 1 |  1.6
Summonings     | 1 |  1.6
Necromancy     | 1 |  1.6
Translocations | 1 |  1.6
Transmutations | 1 |  1.6
Fire Magic     | 1 |  1.6
Ice Magic      | 1 |  1.6
Air Magic      | 1 |  1.6
Earth Magic    | 1 |  1.6
Poison Magic   | 1 |  1.6
Dodging        | 3 |  3.3
Armour         | 5 |  5.0
Fighting       | |  6.8
Short Blades   | |  6.8

Action                   |  1- 3 |  4- 6 || total
-------------------------+-------+-------++-------
Melee: Short sword       |    94 |   216 ||   310
       Bite              |     4 |    34 ||    38
       Punch             |     1 |     3 ||     4
Throw: Dart              |       |    10 ||    10
       Javelin           |       |     2 ||     2
  Use: Potion            |       |     1 ||     1
 Stab: Petrified         |       |     4 ||     4
       Confused          |       |     1 ||     1
       Paralysed         |       |     1 ||     1
Armor: Leather armour    |    15 |       ||    15
       Ring mail         |    15 |   130 ||   145
Dodge: Dodged            |    58 |   132 ||   190
